 Dungeon Crawl Stone Soup version 0.27.1 (webtiles) character file.

Game seed: 2264741313395938091

5040 Destapler the Carver (level 10, 0/129 HPs)
             Began as a Black Draconian Abyssal Knight on Aug 27, 2021.
             Was an Elder of Lugonu.
             Slain by a shadow (10 damage)
             ... on level 9 of the Dungeon.
             The game lasted 00:42:38 (13548 turns).

Destapler the Carver (DrAK)                        Turns: 13548, Time: 00:42:38

Health: 0/129      AC: 25    Str: 16    XL:     10   Next: 30%
Magic:  13/13      EV:  2    Int: 18    God:    Lugonu [****..]
Gold:   709        SH:  5    Dex: 17    Spells: 9/9 levels left

rFire    . . .     SeeInvis +   a - +2 falchion
rCold    . . .     Faith    .   v - +0 buckler
rNeg     + + +     Spirit   .   (armour unavailable)
rPois    +         Reflect  .   (helmet currently unavailable)
rElec    .         Harm     .   (cloak currently unavailable)
rCorr    .         Rampage  .   (gloves currently unavailable)
Will     +....     NoTele   +   (boots currently unavailable)
Stlth    ++........             (no amulet)
HPRegen  0.31/turn              m - ring of see invisible
MPRegen  0.13/turn              w - ring "Poliuj" {Will+ Int+6 Dex+4}

@: lethally poisoned (0 -> -5), tree-form, on berserk cooldown, slowed, very
slow
A: stationary, stasis, torment immunity, boosted hp, (breathe lightning), AC +7,
unfitting armour, (electricity resistance), (cold-blooded)
a: Renounce Religion, Depart the Abyss, Bend Space, Banish, Corrupt


You were on level 9 of the Dungeon.
You worshipped Lugonu.
Lugonu was greatly pleased with you.
You were a tree.
You visited 1 branch of the dungeon, and saw 9 of its levels.
You visited the Abyss 1 time.
You also visited: Ossuary.

You collected 709 gold pieces.

Inventory:

Hand Weapons
 a - a +2 falchion (weapon)
Missiles
 o - 4 javelins (quivered)
 t - 8 boomerangs
 y - 19 poisoned darts
 B - 7 silver javelins
 E - a curare-tipped dart
 K - 5 silver boomerangs
Armour
 d - a +0 pair of boots (melded)
 v - a +0 buckler (worn)
 D - a +0 cloak (melded)
Jewellery
 i - a +4 ring of protection
 m - a ring of see invisible (left branch)
 r - a ring of protection from fire
 s - a ring of protection from cold
 w - the ring "Poliuj" (right branch) {Will+ Int+6 Dex+4}
   (You found it on level 5 of the Dungeon)

   [ring of willpower]

   Int:       It affects your intelligence (+6).
   Dex:       It affects your dexterity (+4).
   Will:      It increases your willpower.
 L - a +6 ring of strength
Wands
 p - a wand of flame (34)
 z - a wand of paralysis (23)
 C - a wand of digging (5)
 F - a wand of mindburst (9)
 M - a wand of iceblast (7)
Scrolls
 c - 6 scrolls of identify
 j - 3 scrolls of fear
 u - 2 scrolls of teleportation
 G - a scroll of fog {unknown}
 H - 2 scrolls of brand weapon {unknown}
 I - a scroll of summoning
Potions
 b - 3 potions of flight
 f - a potion of degeneration {unknown}
 g - a potion of ambrosia {unknown}
 h - 2 potions of curing
 k - 2 potions of heal wounds
 l - a potion of lignification
 n - 3 potions of brilliance {unknown}
 q - a potion of magic {unknown}
 x - a potion of cancellation {unknown}
 A - a potion of attraction {unknown}
 J - a potion of haste {unknown}


   Skills:
 - Level 7.0 Fighting
 + Level 11.1 Long Blades
 - Level 3.0 Throwing
 - Level 4.2 Dodging
 - Level 2.0 Stealth
 - Level 4.0 Shields
 - Level 5.0 Invocations
 - Level 3.0 Evocations


You had 9 spell levels left.
You didn't know any spells.
Your spell library contained the following spells:

 Spells                   Type           Power      Damage    Failure   Level
 Beastly Appendage        Tmut           0%         N/A       22%         1
 Wereblood                Tmut           0%         N/A       32%         2
 Conjure Flame            Conj/Fire      0%         6-21      54%         3
 Gell's Gravitas          Tloc           0%         N/A       54%         3
 Ignite Poison            Fire/Tmut/Pois 0%         N/A       54%         3
 Lesser Beckoning         Tloc           0%         N/A       54%         3
 Spider Form              Tmut/Pois      0%         N/A       54%         3
 Stone Arrow              Conj/Erth      0%         3d7       54%         3
 Teleport Other           Tloc           0%         N/A       54%         3
 Sticky Flame             Conj/Fire      0%         2d3       91%         4
 Iskenderun's Battlesphe  Conj           0%         2d6       99%         5
 Iron Shot                Conj/Erth      0%         9d1       100%        6
 Spellforged Servitor     Conj/Summ      0%         N/A       100%        7
 Lehudib's Crystal Spear  Conj/Erth      0%         10d2      100%        8
 Animate Armour           Summ/Erth      Unusable   N/A       N/A         4

Dungeon Overview and Level Annotations

Branches:
Dungeon (9/15)             Temple (0/1) D:6         Ossuary (visited)
   Lair: D:8-11         Orc: D:9-12

Altars:
Ashenzari
Cheibriados
Dithmenos
Gozag
Hepliaklqana
Makhleb
Okawaru
Trog
Uskayaw
Vehumet
The Shining One

Annotations:
D:5 exclusion: statue


Innate Abilities, Weirdness & Mutations

You are a tree.
Your roots penetrate the ground, keeping you stationary.
You cannot be teleported.
You are immune to unholy pain and torment.
Your maximum health is greatly increased.
Your equipment is partially melded.
((You can breathe wild blasts of lightning.))
((Your glossy black scales are hard. (AC +7)))
You cannot fit into any form of body armour.
((You are resistant to electric shocks. (rElec)))
((You are cold-blooded and may be slowed by cold attacks.))


Message History

The killer bee stings you but does no damage. x2
You slash the killer bee!
You kill the killer bee!
Lugonu accepts your kill.
The killer bee stings you but does no damage. x2
You slice the killer bee!!
You kill the killer bee!
Lugonu accepts your kill.
You feel sick.
Your Long Blades skill increases to level 11!
You miss the killer bee.
The killer bee stings you but does no damage.
You barely miss the killer bee.
You feel sick. The killer bee stings you.
* * * LOW HITPOINT WARNING * * *
The killer bee stings you but does no damage.
You barely miss the killer bee.
You feel sick.
The killer bee stings you but does no damage. x2
You slash the killer bee!
The killer bee is almost dead.
The killer bee barely misses you.
The killer bee stings you but does no damage.
You slice the killer bee!!
You kill the killer bee!
Lugonu accepts your kill. The killer bee stings you.
* * * LOW HITPOINT WARNING * * *
You are more poisoned.
The killer bee poisons you!
You miss the killer bee.
You feel sick. The killer bee stings you.
* * * LOW HITPOINT WARNING * * *
You slash the killer bee!
You kill the killer bee!
Lugonu accepts your kill.
You feel sick.
You are too berserk!
You barely miss the shadow.
You are no longer berserk.
You are exhausted.
You feel yourself slow down.
You feel sick. The shadow hits you!
You die...

......$ ..# .......
....# ....... ....#
....... #....#
.......#######....#
.........(........#
.......V.T........######
....#####W#.y...........
... #...♣†#.............
. #.....#..<..........
#.....+.............
#......#.............
########...##''##...
......#....#
.......#.<..#
.......#....#
.......######


You could see a troll and a shadow (invisible).

Vanquished Creatures
  Grinder (D:5)
  Sigmund (D:6)
  A vampire (D:9)
  2 wyverns
  2 steam dragons (D:8)
  A water moccasin (D:6)
  2 ice beasts
  3 sky beasts
  A hornet zombie (D:5)
  4 orc warriors
  A black bear (D:5)
  An ogre (D:6)
  2 centaurs
  A kobold brigand (D:7)
  2 bullfrogs (D:8)
  A gnoll sergeant (D:6)
  A scorpion (D:5)
  A water moccasin skeleton (D:7)
  5 jellies
  12 killer bees
  4 howler monkeys
  A gnoll shaman (D:5)
  3 orc priests
  4 hounds
  A centaur skeleton (D:7)
  2 iguanas
  6 orc wizards
  Ijyb (D:4)
  A killer bee zombie (D:8)
  A hound zombie (D:5)
  8 mummies (Ossuary)
  A howler monkey zombie (D:6)
  16 gnolls
  A howler monkey skeleton (D:7)
  6 adders
  A river rat (D:6)
  A shadow imp (D:4)
  A white imp (D:6)
  An ufetubus (D:4)
  4 worms
  4 dart slugs
  26 orcs
  5 ball pythons
  4 endoplasms
  4 giant cockroaches
  A gnoll zombie (Ossuary)
  9 goblins
  6 hobgoblins
  3 jackals
  4 quokkas
  5 bats
  5 frilled lizards
  2 hobgoblin zombies (Ossuary)
  13 kobolds
  A kobold zombie (Ossuary)
  4 orc zombies (Ossuary)
  A quokka skeleton (D:4)
  5 rats
211 creatures vanquished.

Vanquished Creatures (collateral kills)
  An orc (D:4)
1 creature vanquished.

Vanquished Creatures (others)
  A plant (D:4)
1 creature vanquished.

Grand Total: 213 creatures vanquished

Notes
Turn   | Place    | Note
-------+----------+-------------------------------------------
     0 | Abyss:1  | Destapler the Draconian Abyssal Knight began the quest for
                  | the Orb.
     0 | Abyss:1  | Reached XP level 1. HP: 19/19 MP: 2/2
    59 | Abyss:1  | Noticed a small abomination
    62 | D:1      | Escaped the Abyss
   365 | D:1      | Reached * piety under Lugonu
   551 | D:1      | Reached XP level 2. HP: 26/26 MP: 3/3
   820 | D:1      | Found a faded altar of an unknown god.
  1530 | D:2      | Reached XP level 3. HP: 33/33 MP: 4/4
  2249 | D:2      | Reached XP level 4. HP: 40/40 MP: 6/6
  2593 | D:3      | Reached ** piety under Lugonu
  3056 | D:4      | Found a sand-covered staircase.
  3090 | Ossuary  | Entered an ossuary
  3125 | Ossuary  | Reached XP level 5. HP: 16/47 MP: 7/7
  3373 | Ossuary  | Reached skill level 3 in Long Blades
  3763 | Ossuary  | Reached skill level 5 in Fighting
  4045 | D:4      | Noticed Ijyb
  4078 | D:4      | Killed Ijyb
  4294 | D:4      | Reached *** piety under Lugonu
  4455 | D:4      | Reached XP level 6. HP: 46/56 MP: 8/8
  4632 | D:3      | Found an opulent altar of Gozag.
  4632 | D:3      | Found a broken altar of Ashenzari.
  4632 | D:3      | Found a shadowy altar of Dithmenos.
  4881 | D:3      | Found a snail-covered altar of Cheibriados.
  5581 | D:5      | Entered Level 5 of the Dungeon
  5636 | D:5      | Identified the ring "Poliuj" {Will+ Int+6 Dex+4}
  5728 | D:5      | Reached skill level 1 in Shields
  5894 | D:5      | Your scales start taking on a glossy black colour.
  5894 | D:5      | Reached XP level 7. HP: 25/62 MP: 8/10
  5894 | D:5      | Gained mutation: You are resistant to electric shocks.
                  | (rElec) [Black Draconian growth]
  7553 | D:5      | Reached skill level 4 in Long Blades
  7970 | D:5      | Noticed Grinder
  7996 | D:5      | Killed Grinder
  7997 | D:5      | Reached XP level 8. HP: 46/73 MP: 11/11
  8563 | D:5      | Found a radiant altar of Vehumet.
  8624 | D:6      | Found a glowing drain.
  8625 | D:6      | Noticed Sigmund
  8770 | D:6      | Killed Sigmund
  8771 | D:6      | Reached skill level 1 in Throwing
  8771 | D:6      | Reached skill level 1 in Stealth
  8771 | D:6      | Reached skill level 5 in Invocations
  8771 | D:6      | Reached skill level 1 in Evocations
  8982 | D:6      | Reached skill level 5 in Long Blades
  9078 | D:6      | Noticed a manticore
  9093 | D:6      | Banished a manticore
  9094 | D:6      | Reached XP level 9. HP: 58/79 MP: 7/12
  9334 | D:6      | Found a hide-covered altar of Uskayaw.
  9349 | D:6      | Reached skill level 6 in Long Blades
  9383 | D:6      | Found a staircase to the Ecumenical Temple.
  9925 | D:6      | Found a burning altar of Makhleb.
  9925 | D:6      | Found a glowing golden altar of the Shining One.
 10123 | D:7      | Reached skill level 7 in Long Blades
 10136 | D:7      | Found an iron altar of Okawaru.
 10218 | D:7      | Reached **** piety under Lugonu
 10464 | D:7      | Reached skill level 8 in Long Blades
 10876 | D:7      | Found a bloodstained altar of Trog.
 11168 | D:7      | Reached skill level 9 in Long Blades
 11538 | D:7      | Found a hazy altar of Hepliaklqana.
 11910 | D:7      | HP: 2/79 [orc warrior (19)]
 11922 | D:7      | Reached skill level 10 in Long Blades
 11922 | D:7      | Reached XP level 10. HP: 37/86 MP: 13/13
 13541 | D:9      | Reached skill level 11 in Long Blades
 13548 | D:9      | Slain by a shadow

Illustrated notes

Levels and vault maps discovered:
D:1:      dpeg_arrival_signposts, layout_basic,
          hellmonk_ecumenical_altar_heavens_door
D:2:      minmay_razor_zed, layout_loops_corners, kennysheep_generic_room_11
D:3:      layout_basic, grunt_temple_overflow_open, cheibriados_altar_1,
          minmay_misc_feat_room
D:4:      layout_basic, enter_ossuary_5, grunt_decor_cap, corexii_shack,
          uniq_ijyb
D:5:      layout_gridville, vehumet_statue, uniq_grinder
D:6:      layout_loops_corners, general_overflow_altar,
          gammafunk_temple_overflow_elements,
          minmay_temple_entry_statues_pillars, cheibrodos_sewer_entry_sluice,
          minmay_misc_feat_iff, kennysheep_generic_room_14, uniq_sigmund
D:7:      layout_loops_ring, overflow_temple_1_default,
          mainiacjoe_overflow_swirl, eino_jars
D:8:      layout_layer_cave, kennysheep_generic_room_5
D:9:      layout_irregular_city, nemelex_spade_bored_becter, serial_glass,
          glass_columns_a, glass_columns_a, kennysheep_generic_room_8

Skill      XL: |  1  2  3  4  5  6  7  8  9 10 |
---------------+-------------------------------+-----
Fighting       | 4 5 7 |  7.0
Invocations    | 3 4 5 |  5.0
Dodging        | 3 4 |  4.2
Long Blades    | 3 4 5 10 11 | 11.1
Shields        | 1 3 4 |  4.0
Throwing       | 2 3 |  3.0
Stealth        | 2 |  2.0
Evocations     | 3 |  3.0

Action                   |  1- 3 |  4- 6 |  7- 9 | 10-12 || total
-------------------------+-------+-------+-------+-------++-------
Melee: Falchion          |    92 |   270 |   350 |   114 ||   826
       Tailslap          |     9 |    39 |    68 |    11 ||   127
Throw: Javelin           |       |       |       |     3 ||     3
Invok: Depart the Abyss  |     1 |       |       |       ||     1
       Banish            |       |       |     3 |       ||     3
 Abil: Breathe Lightning |       |       |    34 |     9 ||    43
Evoke: Wand              |       |       |       |     1 ||     1
  Use: Scroll            |       |     6 |     2 |       ||     8
       Potion            |       |       |     2 |     3 ||     5
 Stab: Sleeping          |       |     2 |     2 |       ||     4
Armor: Skin              |    28 |   116 |   162 |    92 ||   398
Dodge: Dodged            |    52 |   161 |   248 |    54 ||   515
Block: Buckler           |       |     7 |    87 |    38 ||   132
       Rpst.: Falchion   |    14 |    47 |    58 |    13 ||   132
